Map: Simulacrum LE

Players

KingMufasaa

  • Race: Protoss Protoss
  • League: Gold
  • Spawn Location: 11:00

urumikanzaki - Winner!

  • Race: Zerg Zerg
  • League: Silver
  • Spawn Location: 5:00

VOD

Have the link to the VOD?

Description

Time

  • Played on: May 15, 2020, 12:01 a.m.
  • Length: 17:10
Show
View Real Time Build Order
Export as new Build Order

KingMufasaa Protoss 

Build Orders:  

Get SALT Encoding   

  12  0:01  Probe  
  13  0:14  Probe  
  14  0:23  Pylon  
  14  0:27  Probe  
  15  0:41  Probe (Chrono Boost)  
  15  0:42  Gateway  
  16  0:53  Probe (Chrono Boost)  
  16  0:55  Assimilator  
  17  0:58  Probe (Chrono Boost)  
  18  1:07  Probe (Chrono Boost)  
  20  1:20  Probe (Chrono Boost)  
  20  1:31  Cybernetics Core  
  20  1:39  Gateway  
  20  1:51  Nexus  
  20  1:55  Probe  
  21  2:07  Probe  
  22  2:09  Pylon  
  22  2:19  Probe  
  23  2:27  Stalker (Chrono Boost)  
  25  2:31  Probe  
  25  2:32  Assimilator  
  28  2:40  Stalker (Chrono Boost)  
  28  2:43  Probe, Warp Gate  
  29  2:50  Pylon  
  29  2:55  Probe  
  30  3:05  Robotics Facility  
  30  3:07  Probe x2  
  32  3:19  Probe (Chrono Boost)  
  34  3:21  Probe (Chrono Boost), Gateway  
  34  3:31  Probe (Chrono Boost)  
  36  3:37  Probe (Chrono Boost)  
  36  3:38  Probe (Chrono Boost)  
  36  3:40  Stalker  
  39  3:43  Probe  
  39  3:45  Probe  
  41  3:52  Stalker  
  43  3:59  Probe x2  
  43  4:02  Observer (Chrono Boost)  
  46  4:11  Probe  
  46  4:12  Probe  
  46  4:17  Immortal (Chrono Boost)  
  48  4:19  Assimilator  
  48  4:21  Assimilator  
  48  4:23  Probe  
  48  4:24  Probe  
  54  4:35  Robotics Facility  
  54  4:52  Pylon  
  54  4:54  Pylon  
  54  4:56  Pylon  
  54  5:07  Robotics Facility  
  54  5:10  Probe x2, Robotics Facility, Immortal  
  54  5:11  Stalker  
  62  5:22  Probe (Chrono Boost)  
  62  5:25  Probe (Chrono Boost)  
  64  5:30  Pylon  
  64  5:31  Pylon, Stalker  
  64  5:34  Probe (Chrono Boost)  
  68  5:39  Probe (Chrono Boost)  
  68  5:40  Probe (Chrono Boost)  
  69  5:46  Probe  
  69  5:49  Probe  
  71  5:59  Probe  
  72  6:05  Stalker x3  
  72  6:11  Probe, Immortal  
  79  6:12  Immortal  
  79  6:13  Immortal  
  91  6:25  Pylon  
  91  6:28  Pylon  
  91  6:43  Sentry x2, Immortal  
  91  6:45  Sentry  
  101  6:48  Nexus  
  101  7:03  Pylon  
  101  7:05  Pylon  
  101  7:08  Pylon  
  101  7:11  Sentry  
  101  7:12  Stalker x2  
  106  7:25  Forge  
  106  7:27  Forge  
  106  7:34  Probe  
  106  7:35  Probe, Pylon  
  108  7:37  Pylon  
  108  7:43  Stalker x2  
  108  7:44  Stalker  
  114  7:46  Probe  
  114  7:47  Probe  
  116  7:54  Observer  
  116  7:55  Protoss Ground Weapons Level 1 (Chrono Boost)  
  116  7:56  Immortal  
  116  7:57  Protoss Ground Armor Level 1 (Chrono Boost)  
  121  7:58  Probe  
  121  7:59  Probe  
  123  8:10  Probe  
  123  8:11  Probe  
  123  8:12  Stalker  
  127  8:14  Stalker  
  129  8:23  Probe x2, Assimilator  
  129  8:25  Assimilator  
  131  8:28  Pylon  
  131  8:30  Pylon  
  103  9:08  Stalker  
  103  9:09  Stalker x2  
  93  9:15  Immortal (Chrono Boost)  
  93  9:16  Immortal x2 (Chrono Boost)  
  95  9:22  Immortal (Chrono Boost)  
  89  9:29  Shield Battery  
  89  9:31  Shield Battery  
  89  9:42  Stalker  
  89  9:43  Stalker x2  
  95  9:49  Immortal (Chrono Boost)  
  99  9:54  Immortal  
  96  10:04  Immortal x2  
  96  10:05  Zealot  
  96  10:06  Stalker x2  
  96  10:14  Shield Battery  
  92  10:30  Immortal  
  96  10:39  Probe x3  
  91  10:51  Probe x3  
  91  10:52  Stalker  
  91  10:53  Stalker  
  93  10:57  Twilight Council  
  93  11:03  Probe x3  
  85  11:12  Stalker  
  85  11:15  Probe x3  
  88  11:21  Gateway  
  88  11:24  Gateway  
  88  11:26  Gateway  
  88  11:27  Probe  
  88  11:32  Pylon  
  89  11:34  Pylon  
  86  11:45  Stalker x3  
  92  11:53  Charge (Chrono Boost)  
  92  11:55  Immortal  
  92  11:56  Immortal x3  
  92  11:57  Templar Archives  
  91  12:28  Gateway  
  83  12:36  High Templar  
  81  12:37  High Templar x5  
  81  12:41  Psionic Storm  
  87  13:02  Archon x3  
  84  13:12  Probe  
  84  13:13  Probe x2  
  84  13:19  Warp Prism  
  88  13:25  Probe x3  
  91  13:37  Probe x3  
  91  13:40  Zealot  
  91  13:41  Zealot x5  
  102  13:42  Zealot  
  108  13:49  Probe x3  
  108  13:55  Gateway  
  111  13:59  Gateway  
  111  14:01  Probe x2  
  113  14:03  Gateway  
  113  14:04  High Templar x5  
  113  14:07  Gateway  
  123  14:15  Archon  
  123  14:17  High Templar  
  125  14:32  Gateway  
  125  14:33  Gateway  
  125  14:47  High Templar x5  
  125  14:49  Archon  
  135  15:23  High Templar x4  
  135  15:25  Zealot x5  
  135  15:26  Zealot  
  135  15:28  Archon  
  151  15:48  High Templar x4  
  159  15:50  Archon x3  
  159  15:51  Archon  
  159  15:52  Archon x2  
  159  15:54  Zealot x2  
  159  15:56  Zealot  
  165  16:03  Nexus  
  80  16:47  Stargate  
  80  16:50  Stargate  
  80  16:59  Stargate x2  
Show
View Real Time Build Order
Export as new Build Order

urumikanzaki Zerg - Winner!

Build Orders: Hatch First 

Get SALT Encoding   

  12  0:01  Drone  
  13  0:12  Overlord  
  13  0:17  Drone  
  14  0:30  Drone x2  
  16  0:40  Drone  
  17  0:54  Hatchery  
  16  1:01  Drone x2  
  18  1:15  Extractor  
  18  1:16  Spawning Pool  
  16  1:19  Drone  
  16  1:21  Drone  
  18  1:38  Drone  
  19  1:46  Overlord  
  19  2:03  Queen  
  19  2:06  Queen  
  19  2:07  Zergling x2  
  19  2:08  Zergling x2  
  25  2:09  Drone  
  26  2:22  Drone x3  
  29  2:30  Drone  
  29  2:35  Overlord  
  30  2:53  Drone x3  
  33  3:04  Queen  
  35  3:11  Drone x4  
  39  3:19  Overlord  
  39  3:28  Metabolic Boost  
  39  3:29  Lair  
  39  3:40  Queen  
  39  3:53  Drone x3, Roach Warren  
  39  3:54  Drone  
  39  3:55  Drone  
  43  4:06  Drone  
  43  4:07  Drone  
  45  4:15  Extractor, Queen  
  45  4:16  Extractor  
  45  4:26  Overlord x2  
  45  4:27  Overlord  
  45  4:33  Drone x3  
  45  4:35  Drone  
  45  4:36  Drone x2  
  51  4:40  Glial Reconstitution  
  51  4:47  Evolution Chamber  
  51  4:48  Evolution Chamber  
  49  5:07  Drone x2  
  49  5:14  Zerg Missile Weapons Level 1  
  51  5:15  Zerg Ground Armor Level 1  
  51  5:16  Roach  
  51  5:17  Roach x3  
  59  5:41  Drone, Hatchery  
  59  5:45  Roach x8  
  75  5:53  Overlord x2  
  75  6:11  Queen, Roach x5  
  75  6:12  Roach  
  89  6:28  Overlord x2  
  89  6:50  Roach x7  
  89  6:53  Overlord x3  
  103  7:00  Overseer  
  103  7:07  Drone, Infestation Pit  
  103  7:29  Roach  
  109  7:30  Roach x8  
  109  7:33  Overlord  
  121  7:38  Zerg Missile Weapons Level 2  
  121  7:48  Drone  
  121  7:50  Drone x3, Extractor  
  124  8:03  Queen  
  126  8:09  Roach x9  
  144  8:25  Overlord  
  144  8:26  Overlord x3  
  132  8:55  Roach x13  
  128  9:04  Roach  
  112  9:12  Roach x5  
  118  9:28  Drone x3  
  118  9:30  Drone x3  
  124  9:39  Extractor  
  124  9:40  Zerg Ground Armor Level 2  
  124  9:41  Extractor  
  124  9:45  Hive  
  118  9:59  Roach x6  
  134  10:00  Roach x4  
  130  10:11  Roach x8  
  118  10:26  Roach x5  
  116  10:47  Roach  
  116  10:48  Roach x5  
  104  11:06  Roach x4  
  104  11:07  Roach x7  
  120  11:26  Zerg Missile Weapons Level 3  
  120  11:31  Roach x8  
  136  11:39  Hatchery  
  115  12:06  Roach x12  
  115  12:07  Roach  
  129  12:24  Roach  
  129  12:25  Roach x5  
  127  12:32  Roach x2  
  115  12:46  Roach x5  
  111  13:08  Hydralisk Den  
  108  13:33  Zerg Ground Armor Level 3  
  108  13:43  Overlord x4  
  108  14:08  Hydralisk x7  
  108  14:09  Hydralisk x5  
  132  14:20  Lurker Den  
  131  14:26  Overseer  
  131  14:27  Overseer  
  131  14:53  Hatchery  
  130  15:07  Hydralisk x2  
  130  15:08  Hydralisk x7  
  148  15:30  Lurker  
  148  15:31  Lurker x4  
  153  15:44  Hatchery  
  152  16:04  Roach x7  
  152  16:05  Roach x3  
  132  16:37  Hydralisk x7  
Tags
 
Matchup
PvZ
Spawn Locations
Cross Positions
Add a new tag
Caveats
  • Supply blocks, unpowered buildings, or Contaminate may cause inaccurate times.
  • Supply counts are checked every 10 seconds.